 Dungeon Crawl Stone Soup version 0.26-a0-639-g72c4674329 (webtiles) character file.

Game seed: 12552656083251606174

24 Lanoc the Chucker (level 3, 0/35 HPs)
             Began as an Ogre Arcane Marksman on Sept 29, 2020.
             Killed from afar by Sigmund (8 damage)
             ... with a puff of flame
             ... on level 3 of the Dungeon.
             The game lasted 00:01:24 (941 turns).

Lanoc the Chucker (Ogre Arcane Marksman)             Turns: 941, Time: 00:01:24

Health: 0/35       AC:  3    Str: 14    XL:     3   Next: 2%
Magic:  3/4        EV: 10    Int: 15    God:
Gold:   40         SH:  0    Dex:  9    Spells: 3/4 levels left

rFire    . . .     SeeInvis .   (no weapon)
rCold    . . .     Faith    .   (no shield)
rNeg     . . .     Spirit   .   a - +0 robe
rPois    .         Reflect  .   (helmet restricted)
rElec    .         Harm     .   (no cloak)
rCorr    .         Rampage  .   (gloves unavailable)
MR       .....                  (boots unavailable)
Stlth    +.........             (no amulet)
HPRegen  0.11/turn              (no ring)
MPRegen  0.09/turn              (no ring)

@: no status effects
A: large, unfitting armour, tough skin 1
a: no special abilities


You were on level 3 of the Dungeon.
You visited 1 branch of the dungeon, and saw 3 of its levels.

You collected 40 gold pieces.

Inventory:

Missiles
 d - a throwing net (quivered)
Armour
 a - a +0 robe (worn)
Scrolls
 f - 2 scrolls of teleportation {unknown}
 g - 3 scrolls of identify {unknown}
 h - a scroll of magic mapping {unknown}
 i - a scroll of remove curse {unknown}
Potions
 b - a potion of stabbing {unknown}
 e - a potion of ambrosia {unknown}


   Skills:
 + Level 2.1 Fighting
 * Level 2.7 Throwing
 + Level 2.1 Dodging
 - Level 1.2 Spellcasting
 - Level 2.6 Hexes


You had 3 spell levels left.
You knew the following spells:

 Your Spells              Type           Power        Failure   Level
a - Corona                Hex            #......      9%          1

Your spell library contained the following spells:

 Spells                   Type           Power        Failure   Level
 Slow                     Hex            #.......     12%         2
 Magic Dart               Conj           #...         24%         1
 Blink                    Tloc           N/A          36%         2
 Call Imp                 Summ           #.......     36%         2
 Inner Flame              Hex/Fire       #.......     38%         3
 Portal Projectile        Hex/Tloc       #.....       38%         3
 Conjure Flame            Conj/Fire      #.......     58%         3
 Mephitic Cloud           Conj/Pois/Air  #.......     58%         3
 Cause Fear               Hex            #.........   63%         4
 Leda's Liquefaction      Hex/Erth       #.........   80%         4


Dungeon Overview and Level Annotations

Branches:
Dungeon (3/15)

Altars:

Annotations:
D:3 Sigmund


Innate Abilities, Weirdness & Mutations

You are too large for most types of armour.
You have tough skin. (AC +1)


Message History

Throwing (i - inventory)
d - 2 throwing nets (quivered)
Press: ? - help, Shift-Dir - straight line You throw a throwing net.
Something gets caught in the net!
Something wriggles in the net.
You hear some strange, mumbled words.
A magic dart appears from out of thin air!
The magic dart hits you.
Something wriggles in the net.
You barely miss something. You hit something. You barely miss something.
Something wriggles in the net.
You hear some strange, mumbled words.
A magic dart appears from out of thin air!
The magic dart hits you.
* * * LOW HITPOINT WARNING * * *
Something wriggles in the net.
Found a scale mail.
You hear some strange, mumbled words.
A puff of flame appears from out of thin air!
The puff of flame hits you!
You die...

#..#..##........
#..#..###..####.
#........##<..
##.......#####
#.......# # #..###..#
# ##..........
##.#####..........#
###(.(@{..........###
...............#.....
.###.....##..#.##..##
..................#
.........##..#.##..#
.[............... .
.........##..####.
#..#.....# ..#
........#


There were no monsters in sight!

Vanquished Creatures
  An adder (D:2)
  A worm (D:2)
  2 leopard geckos (D:3)
  An orc (D:3)
  A hobgoblin (D:3)
  2 bats (D:3)
  A frilled lizard (D:2)
  A kobold (D:2)
  A rat (D:3)
11 creatures vanquished.

Notes
Turn   | Place    | Note
-------+----------+-------------------------------------------
     0 | D:1      | Lanoc the Ogre Arcane Marksman began the quest for the Orb.
     0 | D:1      | Reached XP level 1. HP: 19/19 MP: 2/2
   277 | D:2      | Reached XP level 2. HP: 24/28 MP: 3/3
   886 | D:3      | Reached XP level 3. HP: 30/35 MP: 4/4
   928 | D:3      | Noticed Sigmund
   941 | D:3      | Killed from afar by Sigmund

Illustrated notes

Levels and vault maps discovered:
D:1:      onia_arrival_mini_spirals, layout_basic
D:2:      layout_rooms, old_standard_altar, serial_co_window_serial,
          co_window_paths_b, co_window_paths_a, co_window_corner_a,
          co_window_corner_a, co_window_corner_a, co_window_cross_1,
          co_window_corner_a, co_window_of_opportunity_a, co_window_corner_a,
          co_window_corner_b, co_window_2corner, co_window_unsneaky_path_e,
          co_window_corner_b, glass_columns_a, kennysheep_generic_room_15
D:3:      minmay_chambers_of_threes, layout_basic,
          gammafunk_temple_overflow_claw, gammafunk_temple_overflow_pools,
          uniq_sigmund

Skill      XL: |  1  2 |
---------------+-------+-----
Dodging        | 2 |  2.1
Fighting       | 2 |  2.1
Throwing       | |  2.7
Spellcasting   | |  1.2
Hexes          | |  2.6

Action                   || total
-------------------------++-------
Melee: Unarmed           ||    98
Throw: Large rock        ||     8
       Throwing net      ||     1
 Cast: Corona            ||     2
Armor: Robe              ||    48
Dodge: Dodged            ||    76

Table legend: (Time is in decaauts)
 A = Elapsed time spent in this place.
 B = Non-inter-level travel time spent in this place.
 C = Inter-level travel time spent in this place.
 D = Time resting spent in this place.
 E = Time spent auto-exploring this place.
 F = Levels seen in this place.
 G = Mean time per level.
                   A        B        C        D        E       F      G
               +--------+--------+--------+--------+--------+-----+--------+
         Total |    947 |    944 |      3 |     59 |    652 |   3 |  315.7 |
       Dungeon |    947 |    944 |      3 |     59 |    652 |   3 |  315.7 |
               +--------+--------+--------+--------+--------+-----+--------+

Top non-repeatable levels by time:
     D:3: 572 daAuts
     D:2: 327 daAuts
     D:1: 48 daAuts
